 Dungeon Crawl Stone Soup version 0.22-a0-515-g75794bf (webtiles) character file.

42 Gildeon the Firebug (level 3, 0/19 HPs)
             Began as a Deep Elf Fire Elementalist on June 19, 2018.
             Slain by a worm (10 damage)
             ... on level 2 of the Dungeon.
             The game lasted 00:06:33 (1076 turns).

Gildeon the Firebug (Deep Elf Fire Elementalist)    Turns: 1076, Time: 00:06:35

Health: 0/19       AC:  2    Str:  5    XL:     3   Next: 33%
Magic:  7/10       EV: 13    Int: 20    God:
Gold:   23         SH:  0    Dex: 15    Spells: 0/9 levels left

rFire    . . .     SeeInvis .   g - +0 dagger
rCold    . . .     Gourm    .   (no shield)
rNeg     . . .     Faith    .   a - +0 robe
rPois    .         Spirit   .   (no helmet)
rElec    .         Reflect  .   (no cloak)
rCorr    .         Harm     .   (no gloves)
MR       .....                  (no boots)
Stlth    ++........             j - amulet of magic regeneration
HPRegen  0.06/turn              (no ring)
MPRegen  0.37/turn              (no ring)

@: no status effects
A: no striking features
a: no special abilities


You were on level 2 of the Dungeon.
You were not hungry.

You visited 1 branch of the dungeon, and saw 2 of its levels.

You collected 23 gold pieces.

Inventory:

Hand Weapons
 g - a +0 dagger (weapon)
Armour
 a - a +0 robe (worn)
Jewellery
 j - an amulet of magic regeneration (around neck)
Scrolls
 b - a scroll of teleportation {unknown}
Potions
 e - a potion of brilliance
 h - a potion of curing {unknown}
Comestibles
 c - 2 rations
 f - 4 chunks of flesh


   Skills:
 - Level 2.4 Dodging
 - Level 2.4 Stealth
 + Level 3.8 Spellcasting
 + Level 2.2 Conjurations
 + Level 3.9 Fire Magic


You couldn't memorise any spells.
You knew the following spells:

 Your Spells              Type           Power        Failure   Level  Hunger
a - Flame Tongue          Conj/Fire      ###..        3%          1    None
b - Throw Flame           Conj/Fire      ###...       5%          2    ##.....
c - Conjure Flame         Conj/Fire      ###.....     11%         3    ###....
d - Inner Flame           Hex/Fire       ##......     17%         3    ###....

Your spell library contained the following spells:

 Spells                   Type           Power        Failure   Level  Hunger
 Fireball                 Conj/Fire      ###.......   71%         5    ######.
 Sticky Flame             Conj/Fire      ###.....     36%         4    ####...


Dungeon Overview and Level Annotations

Branches:
Dungeon (2/15)

Altars:
Okawaru
The Shining One


Message History

Aim: a worm (heavily wounded)
The flame tongue hits the worm.
The worm is heavily wounded.
The worm bites you!
Casting: Flame Tongue (safe; 3% risk of failure)
Confirm with . or Enter, or press ? or * to list all spells.
Aiming: Flame Tongue (safe; 3% risk of failure)
Press: ? - help, Shift-Dir - straight line, f/p - worm
Aim: a worm (heavily wounded)
The flame tongue misses the worm.
Casting: Flame Tongue (safe; 3% risk of failure)
Confirm with . or Enter, or press ? or * to list all spells.
Aiming: Flame Tongue (safe; 3% risk of failure)
Press: ? - help, Shift-Dir - straight line, f/p - worm
Aim: a worm (heavily wounded)
The flame tongue hits the worm.
The worm is severely wounded.
The worm bites you!
Ouch! That really hurt!
You die...

..............##
....#######..##
. ..# #..# #.#
#..# #.# #..#
#.# #.## ####.#
#.#
##....#######.#
#@###.........#
#w#.......#####
#.#.#.#####
.....## #####


You could see a worm.

Vanquished Creatures
  An adder (D:2)
  A dart slug (D:1)
  2 leopard geckos (D:1)
  2 giant cockroaches (D:1)
  2 goblins (D:1)
  4 hobgoblins
  A quokka (D:2)
  A ball python (D:2)
  3 bats
  4 frilled lizards (D:1)
  2 kobolds
  7 rats
30 creatures vanquished.

Notes
Turn   | Place    | Note
-------+----------+-------------------------------------------
     0 | D:1      | Gildeon the Deep Elf Fire Elementalist began the quest for the Orb.
     0 | D:1      | Reached XP level 1. HP: 10/10 MP: 6/6
   146 | D:1      | Reached XP level 2. HP: 15/15 MP: 4/8
   196 | D:1      | Learned a level 2 spell: Throw Flame
   756 | D:2      | Reached XP level 3. HP: 12/19 MP: 6/10
   765 | D:2      | Learned a level 3 spell: Conjure Flame
   769 | D:2      | Learned a level 3 spell: Inner Flame
   975 | D:2      | Found a glowing golden altar of the Shining One.
   975 | D:2      | Found an iron altar of Okawaru.
  1076 | D:2      | Slain by a worm

Vault maps used:
D:1:      scummos_arrival_hexagon
D:2:      amethyst_overflow_temple_binary, vehumet_crystals,
          kennysheep_generic_room_9, uniq_sigmund

Skill      XL: |  1  2 |
---------------+-------+-----
Conjurations   | 2 |  2.2
Dodging        | |  2.4
Stealth        | |  2.4
Spellcasting   | |  3.8
Fire Magic     | |  3.9

Action                   || total
-------------------------++-------
Melee: Unarmed           ||     6
       Dagger            ||     5
 Cast: Flame Tongue      ||    54
  Use: Scroll            ||     3
 Stab: Sleeping          ||     3
Armor: Robe              ||     6
Dodge: Dodged            ||    27

Table legend:
 A = Spawn XP
 B = Non-spawn XP
 C = Spawn XP percentage of total XP
 D = Spawn monster count
 E = Non-spawn monster count
 F = Spawn count percentage of total count
 G = Total turns spent on level
                    A         B        C        D         E        F      G
               +---------+---------+-------+---------+---------+-------+---------
         Total |       0 |      60 |   0.0 |       0 |      30 |   0.0 |  1076
               +---------+---------+-------+---------+---------+-------+---------
           D:1 |       0 |      38 |   0.0 |       0 |      23 |   0.0 |   737
           D:2 |       0 |      22 |   0.0 |       0 |       7 |   0.0 |   339
               +---------+---------+-------+---------+---------+-------+---------
